Map: Ascensão para Aiur LE

Players

TheZergLord - Winner!

  • Race: Zerg Zerg
  • League: Grandmaster
  • Spawn Location: 5:00

RuFF

  • Race: Terran Terran
  • League: Master
  • Spawn Location: 11:00

VOD

Have the link to the VOD?

Description

Time

  • Played on: June 12, 2017, 1:23 a.m.
  • Length: 7:55
Show
View Real Time Build Order
Export as new Build Order

TheZergLord Zerg - Winner!

Build Orders: Hatch First 

Get SALT Encoding   

  12  0:01  Drone  
  13  0:13  Overlord  
  13  0:17  Drone  
  14  0:31  Drone x2  
  14  0:35  Drone  
  17  0:53  Hatchery  
  17  0:55  Drone  
  17  0:58  Drone  
  17  1:00  Extractor  
  17  1:14  Spawning Pool  
  17  1:17  Drone  
  17  1:20  Drone  
  18  1:28  Drone  
  19  1:39  Overlord  
  19  2:02  Zergling x4  
  19  2:05  Queen  
  19  2:06  Zergling x2  
  24  2:09  Spine Crawler  
  22  2:26  Zergling x6  
  25  2:36  Zergling x2  
  25  2:37  Zergling x2  
  24  2:49  Zergling x2  
  24  2:50  Zergling x4  
  27  2:58  Drone  
  27  3:01  Queen  
  30  3:08  Metabolic Boost  
  29  3:30  Drone x2  
  29  3:31  Drone x4  
  31  3:36  Drone x3  
  34  3:43  Drone  
  35  3:49  Overlord  
  35  4:08  Drone x2  
  35  4:09  Drone x3, Hatchery  
  39  4:15  Overlord  
  39  4:18  Drone x2  
  39  4:20  Drone  
  39  4:22  Drone  
  43  4:30  Overlord  
  43  4:35  Roach Warren  
  43  4:37  Zergling x4  
  44  4:46  Extractor  
  44  4:47  Drone x2  
  44  4:48  Drone x2  
  48  4:52  Zergling x2  
  48  4:53  Zergling x2  
  48  4:54  Zergling x2  
  48  4:55  Zergling x2  
  48  4:57  Drone  
  52  5:03  Overlord  
  52  5:13  Queen  
  54  5:14  Extractor  
  54  5:15  Roach x2  
  54  5:16  Roach  
  54  5:21  Overlord  
  59  5:22  Roach x3  
  59  5:27  Roach x2  
  69  5:33  Roach x2  
  72  5:54  Roach  
  72  5:55  Roach x5  
  76  6:10  Roach x3  
  82  6:12  Overlord x4  
  82  6:41  Zergling x2  
  82  6:42  Zergling x16  
  82  6:43  Zergling x4  
  93  6:52  Roach x5  
  101  6:56  Ravager x3  
  99  7:09  Zergling x2  
  99  7:10  Zergling x10  
  99  7:11  Ravager x2  
  107  7:21  Roach x4, Zergling x2  
  107  7:22  Zergling x4  
Show
View Real Time Build Order
Export as new Build Order

RuFF Terran 

Build Orders:  

Get SALT Encoding   

  12  0:00  SCV  
  13  0:13  SCV  
  14  0:18  Supply Depot  
  14  0:25  SCV  
  15  0:40  SCV  
  16  0:52  Barracks  
  16  0:55  Barracks  
  16  0:59  SCV  
  17  1:06  Refinery  
  17  1:11  SCV  
  18  1:23  SCV  
  19  1:41  Orbital Command  
  19  1:44  Marine  
  20  1:50  Bunker  
  20  1:54  Bunker  
  20  1:55  Marine  
  21  2:02  Marine  
  21  2:06  Engineering Bay  
  22  2:12  Marine  
  22  2:29  Bunker  
  22  2:35  Marine  
  21  2:53  Marine  
  21  2:57  SCV  
  23  3:01  Refinery  
  23  3:02  Factory  
  23  3:06  Supply Depot  
  20  3:39  Engineering Bay, SCV  
  19  3:45  Factory  
  19  3:46  Hellion  
  21  3:59  SCV  
  22  4:04  Terran Infantry Weapons Level 1  
  22  4:07  Supply Depot  
  22  4:13  Hellion  
  24  4:25  Barracks Reactor  
  24  4:29  Hellion  
  26  4:33  Supply Depot  
  26  4:34  Hellion  
  26  4:35  SCV  
  29  4:48  Barracks Reactor  
  29  4:53  Factory Reactor  
  29  4:55  SCV  
  29  4:58  Armory  
  30  5:00  Supply Depot  
  30  5:01  Hellion  
  30  5:05  Reaper  
  30  5:07  Reaper, SCV  
  35  5:26  Reaper x2  
  40  5:37  Reaper  
  40  5:39  Reaper  
  37  6:09  Reaper  
  37  6:11  Reaper  
  40  6:32  Cyclone x3  
  38  6:36  Command Center  
  38  7:09  Cyclone x2  
  44  7:21  Cyclone  
  44  7:26  Marine x2  
Tags
 
Add a new tag
Caveats
  • Supply blocks, unpowered buildings, or Contaminate may cause inaccurate times.
  • Supply counts are checked every 10 seconds.